 Dungeon Crawl Stone Soup version 0.27.1-33-g824d729ab1 (webtiles) character file.

Game seed: 13121194915800207076

548 unlimited1921 the Skirmisher (level 7, 0/28 (37) HPs)
             Began as a Vine Stalker Fighter on Dec 30, 2021.
             Slain by a wight (3 damage)
             ... on level 5 of the Dungeon.
             The game lasted 00:23:30 (4991 turns).

unlimited1921 the Skirmisher (Vine Stalker Fighter) Turns: 4991, Time: 00:23:31

HP:   0/28 (37)     AC: 10    Str: 20    XL:     7   Next: 28%
MP:   0/8           EV:  8    Int:  8    God:
Gold: 142           SH:  9    Dex: 14    Spells: 6/6 levels left

rFire    . . .     SeeInvis .   a - +0 war axe
rCold    . . .     Faith    .   c - +0 kite shield
rNeg     . . .     Spirit   +   b - +0 scale mail
rPois    .         Reflect  .   A - +2 helmet
rElec    .         Harm     .   (no cloak)
rCorr    .         Rampage  .   (no gloves)
Will     +....                  (no boots)
Stlth    ..........             (no amulet)
HPRegen  1.09/turn              m - ring of willpower
MPRegen  0.11/turn              (no ring)

@: heavily drained
A: fangs 2, regeneration 1, magic shield, antimagic bite, no potion heal 2
a: no special abilities


You were on level 5 of the Dungeon.
You visited 1 branch of the dungeon, and saw 5 of its levels.

You collected 181 gold pieces.
You spent 39 gold pieces at shops.

Inventory:

Hand Weapons
 a - a +0 war axe (weapon)
 h - a +0 rapier
 q - a +0 flail
 v - a +1 hand axe of venom
 y - a +1 vampiric dagger
 B - a +3 mace of freezing
Missiles
 e - 8 poisoned darts (quivered)
 f - 23 bolts
 j - 77 arrows
 n - 8 atropa-tipped darts
 z - 5 boomerangs
Armour
 b - a +0 scale mail (worn)
 c - a +0 kite shield (worn)
 A - a +2 helmet (worn)
Jewellery
 m - a ring of willpower (left hand)
Scrolls
 g - a scroll of vulnerability {unknown}
 i - 2 scrolls of holy word {unknown}
 o - 2 scrolls of identify {unknown}
 s - a scroll of enchant weapon {unknown}
 u - a scroll of fear {unknown}
 C - a scroll of amnesia {unknown}
Potions
 d - a potion of might
 k - a potion of ambrosia {unknown}
 l - 2 potions of attraction {unknown}
 p - 2 potions of berserk rage {unknown}
 r - 3 potions of curing
 t - a potion of invisibility
 w - 2 potions of cancellation {unknown}
 x - a potion of lignification {unknown}


   Skills:
 * Level 4.3 Fighting
 + Level 4.0 Axes
 + Level 1.1 Throwing
 + Level 3.6 Armour
 + Level 1.2 Dodging
 + Level 0.2 Stealth
 + Level 3.8 Shields


You had 6 spell levels left.
You didn't know any spells.
Your spell library contained the following spells:

 Spells                   Type           Power      Damage    Failure   Level
 Beastly Appendage        Tmut           0%         N/A       99%         1
 Magic Dart               Conj           0%         1d3       99%         1
 Sandblast                Erth           0%         2d4       99%         1
 Shock                    Conj/Air       0%         1d3       99%         1
 Passwall                 Tmut/Erth      0%         N/A       100%        2
 Searing Ray              Conj           0%         3d3       100%        2
 Wereblood                Tmut           0%         N/A       100%        2
 Spider Form              Tmut/Pois      0%         N/A       100%        3
 Stone Arrow              Conj/Erth      0%         3d7       100%        3
 Summon Guardian Golem    Hex/Summ       0%         N/A       100%        3
 Swiftness                Air            0%         N/A       100%        3
 Airstrike                Air            0%         N/A       100%        4
 Animate Armour           Summ/Erth      0%         N/A       100%        4
 Fulminant Prism          Conj/Hex       0%         3d6       100%        4
 Lee's Rapid Deconstruct  Erth           0%         3d5*      100%        5
 Orb of Destruction       Conj           0%         N/A       100%        7
 Spellforged Servitor     Conj/Summ      0%         N/A       100%        7
 Lehudib's Crystal Spear  Conj/Erth      0%         10d2      100%        8


Dungeon Overview and Level Annotations

Branches:
Dungeon (5/15)
 Temple: D:4-7

Altars:
Cheibriados
Dithmenos
Fedhas
Okawaru
Trog
Zin

Shops:
D:1 =   D:3 !


Innate Abilities, Weirdness & Mutations

You have extremely sharp teeth.
Your natural rate of healing is unusually fast.
When hurt, damage is shared between your health and your magic reserves.
Your bite disrupts and absorbs the magic of your enemies.
Potions cannot restore your health.


Message History

You feel drained.
You hit the wight. You bite the wight. You drain its power.
You feel invigorated.
The wight is severely damaged.
The wight closely misses you.
The wight hits you from afar with a +0 spear.
You feel drained. You block the wight's attack.
You closely miss the wight. Your bite misses the wight.
The wight is severely damaged.
The wight hits you but does no damage. You block the wight's attack.
You barely miss the wight.
The wight is severely damaged.
The wight hits you with a +0 dire flail!
The wight hits you but does no damage. The wight closely misses you.
The wight barely misses you.
You closely miss the wight. Your bite misses the wight.
The wight is severely damaged.
You block the wight's attack. x2
You barely miss the wight.
The wight is severely damaged.
You block the wight's attack.
The wight hits you from afar with a +0 spear.
You feel drained.
The wight hits you with a +0 dire flail!
* * * LOW HITPOINT WARNING * * *
You feel drained.
* * * LOW HITPOINT WARNING * * *
You block the wight's attack.
You have no ailments to cure.
Unknown command.
Press: ? - help, v - describe, . - travel
Here: a wight, wielding a +0 dire flail and wearing a +0 robe (severely damaged)
The floor.
You block the wight's attack. The wight hits you with a +0 spear.
* * * LOW HITPOINT WARNING * * *
You barely miss the wight.
The wight is moderately damaged.
You hit the wight but do no damage.
The wight hits you with a +0 dire flail.
You die...

#..## ###..#######
.... ##..........#
....##+###.......#
##.#............##
.#..... ##......##
....... #.....##
#.....###)...##
.#.......@z..##
........z##.##
##........###
#.....<#.#
#......###
#......# ##..####
#.# #.


You could see 2 wights.

Vanquished Creatures
  2 sky beasts (D:4)
  2 wights
  An orc priest (D:3)
  2 hounds (D:4)
  An orc wizard (D:4)
  Robin (D:4)
  2 adders (D:3)
  An ufetubus (D:4)
  3 worms
  4 dart slugs
  8 orcs
  5 ball pythons
  4 endoplasms
  5 giant cockroaches
  12 hobgoblins
  8 jackals
  4 kobolds
  6 quokkas
  4 bats
  2 frilled lizards (D:3)
  14 goblins
  A quokka skeleton (D:4)
  4 rats
96 creatures vanquished.

Vanquished Creatures (others)
  7 fungi (D:2)
  2 plants (D:2)
9 creatures vanquished.

Grand Total: 105 creatures vanquished

Notes
Turn   | Place    | Note
-------+----------+-------------------------------------------
     0 | D:1      | unlimited1921 the Vine Stalker Fighter began the quest for
                  | the Orb.
     0 | D:1      | Reached XP level 1. HP: 11/11 MP: 2/2
   334 | D:1      | Reached XP level 2. HP: 13/16 MP: 3/3
   384 | D:1      | Found Nyom's Jewellery Shop.
   668 | D:1      | Reached XP level 3. HP: 20/20 MP: 4/4
  1913 | D:2      | Found a faded altar of an unknown god.
  2781 | D:3      | Gained mutation: Your natural rate of healing is unusually
                  | fast. [Vine Stalker growth]
  2781 | D:3      | Reached XP level 4. HP: 24/24 MP: 5/5
  2947 | D:3      | Found a glowing silver altar of Zin.
  2968 | D:3      | Found Xiyczef's Distillery.
  3123 | D:3      | Bought a potion of curing for 39 gold pieces
  3192 | D:3      | Reached XP level 5. HP: 22/28 MP: 6/6
  3615 | D:4      | Found an iron altar of Okawaru.
  3615 | D:4      | Found a bloodstained altar of Trog.
  3626 | D:4      | Found a blossoming altar of Fedhas.
  3626 | D:4      | Found a shadowy altar of Dithmenos.
  3630 | D:4      | Found a snail-covered altar of Cheibriados.
  3694 | D:4      | Reached XP level 6. HP: 33/33 MP: 7/7
  3791 | D:4      | Noticed Robin
  3806 | D:4      | Killed Robin
  3807 | D:4      | Reached skill level 1 in Throwing
  4563 | D:5      | Entered Level 5 of the Dungeon
  4653 | D:5      | Noticed a sky beast
  4681 | D:4      | Killed a sky beast
  4682 | D:4      | Reached skill level 1 in Dodging
  4726 | D:5      | Noticed a sky beast
  4764 | D:4      | Killed a sky beast
  4765 | D:4      | Reached XP level 7. HP: 33/37 MP: 3/8
  4991 | D:5      | Slain by a wight

Illustrated notes

Levels and vault maps discovered:
D:1:      lemuel_arrival_rhombus, layout_basic, serial_shops, shop,
          amethyst_killhole
D:2:      layout_basic, serial_rivers, chequers_serial_rivers_large_a,
          chequers_serial_rivers_room_a, chequers_serial_rivers_micro_b,
          chequers_serial_rivers_micro_d, chequers_serial_rivers_room_b,
          shapermc_ecumenical_altar_hornbeckon, chequers_serial_rivers_micro_b,
          kennysheep_generic_room_16
D:3:      layout_rooms, zin_statuary, serial_shops, shop
D:4:      layout_basic, grunt_temple_overflow_open, uniq_robin
D:5:      minmay_inner_zag, layout_rooms, serial_corexii_hall,
          chequers_hall_statues_corner_a, corexii_hall_statues_i,
          minmay_misc_feat_more_columns, hangedman_abyss_or_decor_stabs,
          st_stairs_5, guppyfry_shop_venom

Skill      XL: |  1  2  3  4  5  6  7 |
---------------+----------------------+-----
Shields        | 3 |  3.8
Axes           | 2 3 4 |  4.0
Fighting       | 3 4 |  4.3
Armour         | 3 |  3.6
Throwing       | 1 |  1.1
Dodging        | 1 |  1.2
Stealth        | |  0.2

Action                   |  1- 3 |  4- 6 |  7- 9 || total
-------------------------+-------+-------+-------++-------
Melee: War axe           |    91 |   154 |    23 ||   268
       Bite              |    29 |    45 |     5 ||    79
Throw: Dart              |    12 |    29 |       ||    41
Armor: Scale mail        |    32 |   108 |     6 ||   146
Dodge: Dodged            |    25 |    49 |     9 ||    83
Block: Kite shield       |    49 |    87 |    15 ||   151
